 Dungeon Crawl Stone Soup version 0.29.0-7-g18a832c13a (webtiles) character file.

Game seed: 3045026401095343194

2189 SensoryNuts the Carver (level 9, -5/68 HPs)
             Began as a Demonspawn Fighter on Aug 31, 2022.
             Slain by a killer bee (8 damage)
             ... on level 7 of the Dungeon.
             The game lasted 00:08:19 (8784 turns).

SensoryNuts the Carver (Demonspawn Fighter)         Turns: 8784, Time: 00:08:19

Health: -5/68      AC: 11    Str: 17    XL:     9   Next: 12%
Magic:  9/9        EV: 10    Int: 10    God:
Gold:   1196       SH:  5    Dex: 16    Spells: 8/8 levels left

rFire   + . .      SeeInvis .   a - +1 long sword
rCold   + . .      Faith    .   c - +0 buckler
rNeg    . . .      Spirit   .   b - +0 scale mail
rPois   +          Reflect  .   (no helmet)
rElec   +          Harm     .   (no cloak)
rCorr   +          Rampage  .   f - +0 pair of gloves
Will    .....                   (no boots)
Stlth   +.........              (no amulet)
HPRegen 0.21/turn               (no ring)
MPRegen 0.11/turn               (no ring)

@: mighty, lethally poisoned (-5 -> -12), resistant
A: claws 1, thin metallic scales 2, demonic guardian 2, powered by pain 2,
hooves 1, deterioration 1
a: no special abilities


You were on level 7 of the Dungeon.
You visited 1 branch of the dungeon, and saw 7 of its levels.
You also visited: Sewer.

You collected 1196 gold pieces.

Inventory:

Hand Weapons
 a - a +1 long sword (weapon)
Armour
 b - a +0 scale mail (worn)
 c - a +0 buckler (worn)
 f - a +0 pair of gloves (worn)
Jewellery
 e - a ring of ice
 p - a +4 ring of evasion
 r - a +6 ring of strength
 t - a +4 ring of evasion
 x - an amulet of reflection
Scrolls
 h - a scroll of magic mapping
 j - a scroll of enchant armour
 l - a scroll of immolation {unknown}
 o - a scroll of poison
 u - 2 scrolls of enchant weapon
 w - a scroll of identify
Potions
 d - a potion of invisibility
 g - 4 potions of cancellation
 i - 3 potions of attraction
 k - 2 potions of flight
 m - a potion of lignification
 v - a potion of brilliance


   Skills:
 + Level 5.4 Fighting
 * Level 8.7 Long Blades
 + Level 5.0 Armour
 + Level 2.3 Dodging
 + Level 1.2 Stealth
 + Level 3.5 Shields


You had 8 spell levels left.
You didn't know any spells.
Your spell library contained the following spells:

 Spells                   Type           Power      Damage    Failure   Level
 Sublimation of Blood     Necr           0%         N/A       93%         2
 Wereblood                Tmut           0%         N/A       93%         2
 Anguish                  Hex/Necr       0%         N/A       100%        4
 Enfeeble                 Hex            0%         N/A       100%        7
 Summon Hydra             Summ           0%         N/A       100%        7


Dungeon Overview and Level Annotations

Branches:
Dungeon (7/15)             Temple (0/1) D:5           Sewer (visited)

Altars:
Ashenzari
Dithmenos
Fedhas
Kikubaaqudgha
Qazlal
Ru

Shops:
D:4 [[=:


Innate Abilities, Weirdness & Mutations

You have sharp fingernails.
You are mostly covered in thin metallic scales. (AC +3)
A demonic guardian rushes to your aid.
You sometimes gain power by taking damage.
You have large cloven feet.
Your body sometimes deteriorates upon taking damage.


Message History

You are too injured to fight recklessly!
Unknown command.
You are too injured to fight recklessly!
You feel very mighty all of a sudden.
You feel very sick. The killer bee stings you.
The killer bee barely misses you.
The killer bee stings you but does no damage.
The killer bee stings you.
* * * LOW HITPOINT WARNING * * *
You block the killer bee's attack. The killer bee closely misses you.
You feel better. The killer bee barely misses you. x2
The killer bee stings you.
You are poisoned.
The killer bee poisons you!
The killer bee stings you but does no damage.
You block the killer bee's attack. The killer bee stings you.
* * * LOW HITPOINT WARNING * * *
You are more poisoned.
The killer bee poisons you!
* * * LOW HITPOINT WARNING * * *
You feel very sick.
The killer bee stings you but does no damage.
The killer bee barely misses you. The killer bee stings you!
* * * LOW HITPOINT WARNING * * *
A demonic guardian appears!
The killer bee stings you but does no damage.
You feel protected.
* * * LOW HITPOINT WARNING * * *
You feel very sick. The killer bee closely misses you.
The killer bee stings you but does no damage. x2
You block the killer bee's attack. x2
The killer bee stings you but does no damage.
Your hellwing misses the killer bee. Your hellwing hits the killer bee.
Okay, then.
As you read the scroll of summoning, it crumbles to dust.
Wisps of shadow whirl around you...
* * * LOW HITPOINT WARNING * * *
You feel sick. The killer bee stings you!
You die...

#......#........#....
#......#........#....
#......#[.......#....
......#........####+
.....#........#.... ...
#.....[..#....
##+######o###........#....
........yyy..........#....
.......hy@yF.........##'##
..>.....4F.l..............
..........h...............
..........................
.......[..................
########.....h#######.....
#......#.....#.....
#......#.....#.....
#......#.....#.....


You could see 5 killer bees, an orc, a friendly hellwing (summoned), 2 friendly
bullfrogs, 3 friendly howler monkeys and a friendly iguana (summoned).

Vanquished Creatures
  A black bear (D:4)
  An ice beast (D:5)
  2 ogres (D:5)
  A centaur (D:7)
  2 phantoms
  2 kobold brigands (Sewer)
  A necrophage (D:6)
  3 bullfrogs
  3 scorpions
  A killer bee (D:7)
  2 howler monkeys (D:6)
  2 hounds
  A gnoll bouda (D:6)
  An iguana (D:5)
  9 gnolls
  12 adders
  3 shadow imps
  2 worms
  2 dart slugs (D:1)
  5 orcs
  7 bats
  7 endoplasms
  5 giant cockroaches
  9 goblins
  9 hobgoblins
  6 jackals
  A quokka (D:4)
  14 ball pythons
  4 frilled lizards
  20 kobolds
  7 rats
145 creatures vanquished.

Vanquished Creatures (collateral kills)
  A water moccasin (D:3)
  A sky beast (D:7)
  An ice beast (D:5)
  An ogre (D:5)
  A bullfrog (D:7)
  3 gnolls (D:3)
  An orc (D:5)
  2 kobolds (Sewer)
11 creatures vanquished.

Grand Total: 156 creatures vanquished

Notes
Turn   | Place    | Note
-------+----------+-------------------------------------------
     0 | D:1      | SensoryNuts the Demonspawn Fighter began the quest for the
                  | Orb.
     0 | D:1      | Reached XP level 1. HP: 18/18 MP: 1/1
   461 | D:1      | Reached skill level 2 in Long Blades
   461 | D:1      | Gained mutation: You sometimes gain a little power by
                  | taking damage. [demonic ancestry]
   461 | D:1      | Reached XP level 2. HP: 19/24 MP: 2/2
   701 | D:1      | Found a faded altar of an unknown god.
  1516 | D:2      | Gained mutation: You sometimes gain power by taking damage.
                  | [demonic ancestry]
  1516 | D:2      | Reached XP level 3. HP: 29/29 MP: 3/3
  2021 | D:2      | Identified a scroll of acquirement
  2021 | D:2      | Acquired 762 gold pieces
  2218 | D:2      | Reached skill level 3 in Long Blades
  2856 | D:3      | Found a glowing drain.
  2875 | D:3      | Gained mutation: You have sharp fingernails. [demonic
                  | ancestry]
  2875 | D:3      | Reached XP level 4. HP: 17/35 MP: 4/4
  2881 | D:3      | Gained mutation: You have large cloven feet. [potion of
                  | mutation]
  2881 | D:3      | Gained mutation: Your body sometimes deteriorates upon
                  | taking damage. [potion of mutation]
  2914 | Sewer    | Entered a sewer
  2931 | Sewer    | Noticed a kobold brigand
  2945 | Sewer    | Killed a kobold brigand
  2946 | Sewer    | Reached skill level 4 in Long Blades
  2946 | Sewer    | Gained mutation: A weak demonic guardian rushes to your
                  | aid. [demonic ancestry]
  2946 | Sewer    | Reached XP level 5. HP: 25/41 MP: 5/5
  3070 | Sewer    | Identified the +3 dagger "Cuydogok" {vamp, Fragile rN+
                  | Dex+4}
  3490 | D:3      | Gained mutation: A demonic guardian rushes to your aid.
                  | [demonic ancestry]
  3490 | D:3      | Reached XP level 6. HP: 45/47 MP: 6/6
  4227 | D:4      | Noticed a water moccasin
  4227 | D:4      | Found Imioc's Jewellery Boutique.
  4242 | D:3      | Killed a water moccasin
  4243 | D:3      | Reached skill level 5 in Long Blades
  4243 | D:3      | Reached skill level 1 in Dodging
  4471 | D:3      | Gained mutation: You are partially covered in thin metallic
                  | scales. (AC +2) [demonic ancestry]
  4471 | D:3      | Reached XP level 7. HP: 16/53 MP: 4/7
  4892 | D:4      | Found Codil's Book Emporium.
  5165 | D:4      | Found Doasm's Antique Armour Shoppe.
  5258 | D:4      | Found a shadowy altar of Dithmenos.
  5308 | D:4      | Reached skill level 6 in Long Blades
  5517 | D:4      | Found Quatetass's Armour Emporium.
  5773 | D:5      | Entered Level 5 of the Dungeon
  5775 | D:5      | Found an ancient bone altar of Kikubaaqudgha.
  5975 | D:5      | Identified the +3 ring mail "Beoclu" {rPois rN+ Will-
                  | Int+9}
  5994 | D:5      | Found a staircase to the Ecumenical Temple.
  6227 | D:5      | Gained mutation: You are mostly covered in thin metallic
                  | scales. (AC +3) [demonic ancestry]
  6227 | D:5      | Reached XP level 8. HP: 11/60 MP: 8/8
  6806 | D:5      | Reached skill level 7 in Long Blades
  7038 | D:5      | Reached skill level 1 in Stealth
  7768 | D:6      | Reached skill level 5 in Fighting
  7825 | D:6      | Reached skill level 8 in Long Blades
  7884 | D:6      | Found a broken altar of Ashenzari.
  8128 | D:6      | Found a stormy altar of Qazlal.
  8128 | D:6      | Found a blossoming altar of Fedhas.
  8128 | D:6      | Found a sacrificial altar of Ru.
  8362 | D:7      | Reached XP level 9. HP: 62/68 MP: 9/9
  8369 | D:7      | Reached skill level 5 in Armour
  8475 | D:7      | Identified the +1 chain mail of Jothrese {rPois}
  8784 | D:7      | HP: 3/68 [poisoned by a killer bee]
  8784 | D:7      | Slain by a killer bee

Illustrated notes

Levels and vault maps discovered:
D:1:      dpeg_arrival_connections, layout_basic,
          hellmonk_ecumenical_altar_lost_god, kennysheep_flooded_box
D:2:      minmay_evil_eye, layout_loops_corners
D:3:      layout_basic, mainiacjoe_overflow_paths, gup_sewer_entry_glass
D:4:      layout_rooms, grunt_dithmenos_smoke, serial_shops,
          kennysheep_mini_moat, kennysheep_mini, shop, shop,
          minmay_goblin_outpost
D:5:      layout_cave_pools, mainiacjoe_overflow_catwalk,
          minmay_temple_entry_glassed_door, roderic_lattice_a,
          minmay_increasing_density
D:6:      layout_cave_pools, nicolae_overflow_crystal_walls,
          chequers_temple_overflow_statue_of_worship
D:7:      layout_gridville

Skill      XL: |  1  2  3  4  5  6  7  8  9 |
---------------+----------------------------+-----
Armour         | 3 4 5 |  5.0
Long Blades    | 2 3 4 5 6 8 |  8.7
Shields        | 3 |  3.5
Dodging        | 1 2 |  2.3
Fighting       | 4 5 |  5.4
Stealth        | 1 |  1.2

Action                   |  1- 3 |  4- 6 |  7- 9 || total
-------------------------+-------+-------+-------++-------
Melee: Long sword        |   161 |   109 |   245 ||   515
       Kick              |       |    20 |    56 ||    76
  Use: Scroll            |    10 |     4 |     6 ||    20
       Potion            |       |     8 |     7 ||    15
Armor: Scale mail        |   109 |    81 |   143 ||   333
Dodge: Dodged            |    70 |    85 |   113 ||   268
Block: Buckler           |    39 |    48 |    57 ||   144
